 Dungeon Crawl Stone Soup version 0.31-a0-986-g5e6e4ef867 (webtiles) character file.

Game seed: 13359972724381971256

50 gelatine the Chopper (level 3, -11/28 HPs)
             Began as a Demonspawn Wanderer on Nov 3, 2023.
             Mangled by Crazy Yiuf
             ... wielding a +4 quarterstaff of chaos
              (18 damage)
             ... on level 2 of the Dungeon.
             The game lasted 00:03:40 (792 turns).

gelatine the Chopper (Demonspawn Wanderer)           Turns: 792, Time: 00:03:41

Health: -11/28     AC:  3    Str: 15    XL:     3   Next: 55%
Magic:  3/3        EV: 11    Int: 12    God:
Gold:   55         SH:  0    Dex: 12    Spells: 2/2 levels left

rFire   . . .        a - +3 hand axe
rCold   . . .        (no shield)
rNeg    . . .        d - +0 leather armour
rPois   .            (no helmet)
rElec   .            (no cloak)
rCorr   .            (no gloves)
SInv    .            (no boots)
Will    +....        (no amulet)
Stlth   +            o - ring of willpower
HPRegen 0.24/turn    (no ring)
MPRegen 0.08/turn

%: no passive effects
@: no status effects
A: demonic touch 1
a: no special abilities


You were on level 2 of the Dungeon.
You visited 1 branch of the dungeon, and saw 2 of its levels.

You collected 55 gold pieces.

Inventory:

Hand Weapons
 a - a +3 hand axe (weapon)
 b - a +0 mace
Missiles
 h - 16 stones (quivered)
Armour
 d - a +0 leather armour (worn)
 i - a +0 chain mail
Jewellery
 o - a ring of willpower (left hand)
Talismans
 l - a talisman of death
Scrolls
 c - a scroll of blinking
 e - 4 scrolls of identify {unknown}
 g - a scroll of fear {unknown}
 k - a scroll of fog {unknown}
 m - a scroll of enchant weapon {unknown}
 n - a scroll of enchant armour {unknown}
Potions
 f - a potion of ambrosia {unknown}
 j - a potion of might {unknown}


   Skills:
 * Level 2.4 Fighting
 * Level 3.3(3.7) Axes
 + Level 2.1(3.0) Maces & Flails
 * Level 2.0 Armour
 * Level 1.2 Dodging
 * Level 0.6 Stealth


You had 2 spell levels left.
You didn't know any spells.
Your spell library contained the following spells:

 Spells                   Type           Power      Damage    Failure   Level
 Lesser Beckoning         Tloc           0%         N/A       52%         2
 Gell's Gravitas          Tloc           0%         N/A       77%         3
 Teleport Other           Tloc           0%         N/A       77%         3


Dungeon Overview and Level Annotations

Branches:
Dungeon (2/15)

Altars:

Annotations:
D:2 Crazy Yiuf


Innate Abilities, Weirdness & Mutations

Your touch may inflict minor irresistible damage on your foes.


Message History

You see here a bat corpse.
A hobgoblin comes into view.
Found an escape hatch in the ceiling.
The helpless hobgoblin fails to defend itself.
You hit the hobgoblin.
The hobgoblin is severely wounded.
The hobgoblin barely misses you.
You slash the hobgoblin!
You kill the hobgoblin!
Found an escape hatch in the floor.
Found a stone staircase leading down.
There is a stone staircase leading down here.
There is a stone staircase leading down here.
A rat comes into view.
You hit the rat.
You kill the rat!
You see here a bat corpse.
You now have 55 gold pieces (gained 3).
Found a hammer.
Found a runed translucent door.
Crazy Yiuf shouts!
You open the door. You hit Crazy Yiuf but do no damage.
You touch Crazy Yiuf!
Crazy Yiuf is heavily wounded.
Crazy Yiuf closely misses you.
You hit Crazy Yiuf.
Crazy Yiuf is severely wounded.
Crazy Yiuf hits you with a +4 quarterstaff of chaos!
Crazy Yiuf barely misses you.
You hit Crazy Yiuf.
Crazy Yiuf is almost dead.
Crazy Yiuf hits you with a +4 quarterstaff of chaos.
You convulse!
* * * LOW HITPOINT WARNING * * *
You barely miss Crazy Yiuf.
Crazy Yiuf is almost dead.
Crazy Yiuf misses you.
You hit Crazy Yiuf but do no damage. Your touch misses Crazy Yiuf.
Crazy Yiuf is severely wounded.
Crazy Yiuf hits you with a +4 quarterstaff of chaos!!
Ouch! That really hurt!
You die...

##....###...[.....#
#.# ......#
#..######## #.#
...#.## #†.# #.#
...#.####..# #####
#.# ##.........#
#..)# .#
###.####..# #...#
#.......# ...
######..# #g# #..#
##@# #..# #.## ##.#
##.# #.# #.## #.#
##.## ##.# #...##
####.## #....#
#.....# #....#
#.###.####..##


You could see Crazy Yiuf.

Vanquished Creatures
  An adder (D:2)
  A dart slug (D:1)
  5 ball pythons
  4 bats
  4 endoplasms
  2 giant cockroaches (D:1)
  4 goblins
  5 hobgoblins
  4 kobolds
  A quokka (D:1)
  3 rats (D:2)
34 creatures vanquished.

Notes
Turn   | Place    | Note
-------+----------+-------------------------------------------
     0 | D:1      | gelatine the Demonspawn Wanderer began the quest for the
                  | Orb.
     0 | D:1      | gelatine set off with the following items: a +3 hand axe, a
                  | +0 mace, a scroll of blinking, a +0 leather armour.
     0 | D:1      | Reached XP level 1. HP: 16/16 MP: 1/1
   154 | D:1      | Gained mutation: Your touch may inflict minor irresistible
                  | damage on your foes. [demonic ancestry]
   154 | D:1      | Reached XP level 2. HP: 22/22 MP: 2/2
   258 | D:1      | Reached skill level 3 in Axes
   526 | D:2      | Reached XP level 3. HP: 21/27 MP: 3/3
   783 | D:2      | Found a runed translucent door.
   784 | D:2      | Noticed Crazy Yiuf
   792 | D:2      | Mangled by Crazy Yiuf

Illustrated notes

Levels and vault maps discovered:
D:1:      roderic_crop_circles_arrival_small, layout_rooms
D:2:      layout_loops_ring, minivault_4, uniq_crazy_yiuf_cottage

Skill      XL: |  1  2  3 |
---------------+----------+-----
Axes           | 3 |  3.3
Maces & Flails | 2 |  2.1
Armour         | 2 |  2.0
Fighting       | |  2.4
Dodging        | |  1.2
Stealth        | |  0.6

Action                     || total
---------------------------++-------
  Melee: Hand axe          ||    78
         Touch             ||     6
         Punch             ||     1
  Throw: Stone             ||    14
   Stab: Sleeping          ||     2
 Armour: Leather armour    ||    42
  Dodge: Dodged            ||    50

Table legend: (Time is in decaauts)
 A = Elapsed time spent in this place.
 B = Non-inter-level travel time spent in this place.
 C = Inter-level travel time spent in this place.
 D = Time resting spent in this place.
 E = Time spent auto-exploring this place.
 F = Levels seen in this place.
 G = Mean time per level.
                   A        B        C        D        E       F      G
               +--------+--------+--------+--------+--------+-----+--------+
         Total |    802 |    802 |      0 |      0 |    527 |   2 |  401.0 |
       Dungeon |    802 |    802 |      0 |      0 |    527 |   2 |  401.0 |
               +--------+--------+--------+--------+--------+-----+--------+

Top non-repeatable levels by time:
     D:1: 520 daAuts
     D:2: 282 daAuts
